 Dungeon Crawl Stone Soup version 0.13-a0-2676-gd993d8a (console) character file.

97 Illaniel the Charmwright (level 3, -3/23 HPs)
             Began as a High Elf Skald on Aug 12, 2013.
             Was an Initiate of Okawaru.
             Slain by an adder (5 damage)
             ... on Level 2 of the Dungeon.
             The game lasted 00:07:22 (1508 turns).

Illaniel the Charmwright (High Elf Skald)           Turns: 1508, Time: 00:07:23

HP  -3/23        AC  3     Str 11      XL: 3   Next: 64%
MP   1/9         EV 11     Int 17      God: Okawaru [......]
Gold 44          SH  0     Dex 14      Spells:  3 memorised,  2 levels left

Res.Fire  : . . .   See Invis. : .   a - +0 elf short sword
Res.Cold  : . . .   Warding    : .   b - +0 elf leather armour
Life Prot.: . . .   Conserve   : .   (no shield)
Res.Poison: .       Res.Corr.  : .   (no helmet)
Res.Elec. : .       Clarity    : .   (no cloak)
Sust.Abil.: . .     Spirit.Shd : .   (no gloves)
Res.Mut.  : .       Stasis     : .   (no boots)
Res.Rott. : .       Flight     : .   (no amulet)
Saprovore : . . .                    (no ring)
                                     (no ring)

@: slightly resistant to hostile enchantments, unstealthy
A: no striking features
a: Renounce Religion


You were on level 2 of the Dungeon.
You worshipped Okawaru.
Okawaru was noncommittal.
You were not hungry.

You visited 1 branch of the dungeon, and saw 2 of its levels.

You collected 24 gold pieces.

Inventory:

Hand weapons
 a - a +0,+0 elven short sword (weapon)
Missiles
 k - 5 poisoned darts (quivered)
 r - 14 poisoned needles
Armour
 b - a +0 elven leather armour (worn)
Comestibles
 d - 3 bread rations
 l - an apple
 p - a choko
 s - a lychee
 t - a meat ration
Scrolls
 f - a scroll of enchant armour {unknown}
 g - 8 scrolls of identify {unknown}
 i - a scroll of remove curse {unknown}
 j - a scroll of teleportation {unknown}
 m - a scroll of enchant weapon II {unknown}
 o - a scroll of recharging {unknown}
Potions
 e - a potion of brilliance {unknown}
 h - 4 potions of curing {unknown}
 n - a potion of heal wounds {unknown}
 q - a potion of speed {unknown}
Books
 c - a book of Battle

   Spells                             Type                      Level
   *Infusion                          Charms                       1
   *Shroud of Golubria                Charms/Translocation         2
   Song of Slaying                    Charms                       2
   *Spectral Weapon                   Hexes/Charms                 3
   Regeneration                       Charms/Necromancy            3
   Song of Shielding                  Charms                       4


   Skills:
 + Level 2.5 Fighting
 - Level 2.4 Short Blades
 + Level 1.2 Armour
 + Level 1.7 Dodging
 + Level 3.1 Spellcasting
 + Level 4.2 Charms


You had 2 spell levels left.
You knew the following spells:

 Your Spells              Type           Power        Failure   Level  Hunger
a - Infusion              Chrm           ###...       2%          1    None
c - Spectral Weapon       Hex/Chrm       #.......     24%         3    ###....
h - Shroud of Golubria    Chrm/Tloc      #.........   14%         2    ##.....


Dungeon Overview and Level Annotations

Branches:
Dungeon (2/27)

Altars:
Ashenzari
Nemelex Xobeh
Okawaru


Message History

You barely miss the adder.
The adder is moderately wounded.
Your spectral weapon closely misses the adder.
The adder bites you.
* * * LOW HITPOINT WARNING * * *
You miss the adder.
The adder is moderately wounded.
Your spectral weapon closely misses the adder.
The adder bites you.
* * * LOW HITPOINT WARNING * * *
The adder closely misses you.
You closely miss the adder.
The adder is moderately wounded.
Your spectral weapon misses the adder.
The adder bites you.
* * * LOW HITPOINT WARNING * * *
You hit the adder.
The adder is severely wounded.
Your spectral weapon barely misses the adder.
The adder bites you.
You die...

▒∙∙∙▒∙∙∙∙∙∙∙∙∙∙
▒∙∙∙∙∙∙∙∙∙▒▒▒▒▒
▒∙▒▒▒∙▒▒▒▒▒ ▒∙▒
▒∙▒ ▒▒ ▒∙▒ ▒∙
▒∙▒ ▒∙ ▒∙▒ ▒∙
▒∙▒ ▒S▒▒▒▒▒▒▒∙▒
▒(@∙∙∙∙∙∙∙▒
▒▒▒▒▒▒▒▒▒▒▒


You could see an adder and a friendly spectral elven short sword.

Vanquished Creatures
  An adder (D:2)
  A giant gecko (D:2)
  A ball python (D:1)
  7 bats
  3 giant cockroaches
  4 goblins (D:1)
  5 hobgoblins
  4 jackals (D:2)
  A quokka (D:2)
  A giant newt (D:1)
  6 kobolds
  4 rats
38 creatures vanquished.

Notes
Turn   | Place    | Note
--------------------------------------------------------------
     0 | D:1      | Illaniel, the High Elf Skald, began the quest for the Orb.
     0 | D:1      | Reached XP level 1. HP: 13/13 MP: 4/4
   158 | D:1      | Reached skill level 1 in Armour
   414 | D:1      | Reached XP level 2. HP: 6/18 MP: 3/6
   489 | D:1      | Learned a level 2 spell: Shroud of Golubria
   956 | D:2      | Found a sparkling altar of Nemelex Xobeh.
  1020 | D:2      | Reached skill level 4 in Charms
  1078 | D:2      | Reached XP level 3. HP: 20/23 MP: 0/9
  1094 | D:2      | Learned a level 3 spell: Spectral Weapon
  1208 | D:2      | Found an iron altar of Okawaru.
  1222 | D:2      | Became a worshipper of Warmaster Okawaru
  1273 | D:2      | Found a shattered altar of Ashenzari.
  1508 | D:2      | Slain by an adder

Action                   || total
-------------------------++-------
Melee: Short sword       ||   126
 Cast: Infusion          ||    22
       Shroud of Golubri ||     4
       Spectral Weapon   ||     3
